[Event "Sinquefield Cup 3rd"]
[Site "Saint Louis"]
[Date "2015.08.24"]
[Round "2"]
[White "Grischuk, Alexander"]
[Black "Anand, Viswanathan"]
[Result "1-0"]
[ECO "D00"]
[WhiteElo "2771"]
[BlackElo "2816"]
[Annotator "Wagner,D"]
[PlyCount "69"]
[EventDate "2015.08.23"]
[EventType "tourn"]
[EventRounds "9"]
[EventCountry "USA"]
[EventCategory "22"]
[SourceTitle "CBM 168"]
[Source "ChessBase"]
[SourceDate "2015.09.14"]
[SourceVersion "1"]
[SourceVersionDate "2015.09.14"]
[SourceQuality "1"]
[TimeControl "40/7200:3600+30"]

{Grischuk and Anand had both lost the first round, giving their encounter in
round two a certain importance.} 1. d4 Nf6 2.
Bf4 $5 {[%emt 0:00:12] A rare guest in elite tournaments. Nakamura used it
recently to beat MVL at the Fide Grand Prix in Khanty Mansiysk.} d5 (2... b6 3. c4 Bb7 4. Nc3 e6 5. a3 d5 6. e3 Bd6 7. Bg5 h6 8. Bxf6 Qxf6
9. cxd5 exd5 10. Qa4+ Kf8 11. g3 $14 {1-0 (27) Nakamura,H (2799)-Vachier
Lagrave,M (2754) Khanty-Mansiysk 2015}) 3. e3 c5 4. dxc5 $1 {[%emt 0:02:05] This specific version of the London System is
very rare, but not that harmless, as I expected it to be.} Nc6 5. Bb5 {[%emt 0:00:08] Curiously Anand had already faced exactly the same line
against the same opponent in a Blitz game at Norway Chess. Maybe blinded by
the success of this game he repeats it, though the resulting position looks
rather dangerous for Black and offers improvements for White along the way.}
Qa5+ $2 {[%emt 0:05:31] This move is the origin of Anand's problems in this
game. The queen sortie loses important time, which White can use to unleash a
dangerous initiative.} (5... e6 $1 {Is the correct way to handle this position.
I guess Anand was afraid of having to prove compensation for the pawn against
Grischuk's prep, but anyway this was the way to go. Esprecially after their
encounter in Blitz he should have checked this line more deeply in his
preparation.} 6. b4 a5 7. c3 Bd7 8. Qb3 (8. Nf3 axb4 9. Bxc6 Bxc6 10. cxb4 b6
11. Ne5 Ba4 12. Qc1 bxc5 13. Nc3 Bd7 14. bxc5 Bxc5 $15 {1/2-1/2 (43) Meister,J
(2464)-Delchev,A (2607) Wunsiedel 2015}) 8... Ne4 $5 (8... Nh5 9. Ne2 Nxf4 10.
Nxf4 g6 11. a4 Bg7 12. Ra2 $14) 9. f3 e5 {Now it's becoming pretty complicated,
but Black is not worse, for example:} 10. fxe4 exf4 11. Ne2 Qh4+ 12. g3 fxg3
13. Nxg3 dxe4 14. O-O Be6 15. Qa4 Rc8 16. Nd2 Be7 $11) 6. Nc3 a6 7. Bxc6+ bxc6 8. Nf3 $1 {
[%emt 0:00:24] An easy but important improvement. It's already quite difficult
to make good suggestions for Black now, because White can always find ways to
use his development advantage.} (8. Qd4 {happened in their blitz game.} e6 9.
b4 Qa3 10. Nge2 a5 11. Rb1 (11. b5 Bxc5 12. Qa4 Ke7 13. bxc6 Qxa4 14. Nxa4 Bd6
$11) 11... axb4 12. Rxb4 Ba6 (12... Nd7 $1 $17) 13. O-O Bxe2 14. Nxe2 Be7 {
with a pleasant position for Black} 15. Bd6 Bxd6 16. cxd6 O-O 17. Ng3 Rfc8 18.
Qd2 Rd8 19. e4 dxe4 20. c4 Qxa2 21. Qxa2 Rxa2 22. Rb6 h5 23. Rxc6 h4 24. Nh1
Rc2 25. Rd1 Ng4 26. c5 e3 27. Rc7 exf2+ 28. Nxf2 Nxf2 29. Rf1 Ne4 30. Rfxf7
Rc1+ {0-1 (30) Grischuk,A (2781)-Anand,V (2804) Stavanger 2015}) 8... e6 (8... Ne4 $1 {should have been preferred, but it's difficult
to go for it without proper preparation.} 9. Qd4 (9. O-O Nxc3 10. bxc3 Qxc5 11.
Re1 e6 12. e4 Be7 {White's initiative is sufficient for not more than equality.
}) 9... Nxc3 (9... Qxc5 10. Nxe4 Qxd4 11. exd4 dxe4 12. Ne5 $14) 10. bxc3 f6 $1
11. O-O e5 12. Bxe5 fxe5 13. Qxe5+ Kf7 (13... Be7 14. e4 $36 {Although still
very unclear, this definitely looks threatening.} (14. Qxg7 $5 Rf8 15. Qxh7 $40
)) 14. Ng5+ Kg8 15. Ne6 Ra7 {The position has turned into a mess, but Black
should have enough defensive resources.}) (8... Qxc5 9. Ne5 $1 e6 10. O-O Bb7 (
10... Be7 11. Na4 Qa5 12. c4 $16) 11. Na4 Qa7 12. c4 $36) 9. O-O Bd7 {[%emt 0:04:33] White is already at choice now; he has lots of
promising continuations.} ({After the immediate} 9... Bxc5 10. Nd4 $1 {seems
to be annoying, that's the reason, why in the game Anand preferred to protect
c6 first.} (10. Ne5 Bb7 11. a3 Qd8 12. b4 Bd6 13. Nd3 a5 $132) 10... Qb4 11.
Rb1 (11. Nxc6 Qxb2 $1) 11... Qb7 12. b4 Be7 13. Na4 O-O 14. c4 $14) 10. a3 (10. Bd6 $5 {is also sensible and better for White.} Bxd6 11.
cxd6 O-O 12. e4 Nxe4 13. Nxe4 dxe4 14. Nd2 $14) ({When I followed this game
online, the commentators suggested another move, which is also really
dangerous for Black.} 10. e4 $1 Bxc5 11. Nd2 Be7 12. Nb3 Qb6 (12... Qd8 13. e5
$1 Ng8 14. Na4 $16) 13. Re1 O-O 14. Be3 Qd8 15. Bc5 $16) 10... Qxc5 11. Na4 Qa7 (11... Qb5 12. c4 $1) 12.
c4 Be7 13. Rc1 (13. b4 $5
O-O 14. c5 Rad8 15. Ne5 Be8 16. Qe2 $14 {is another strategy, giving White a
good edge.}) 13... Rc8 $2 {[%emt 0:03:05] Black can't bear delaying castling
for so long.} (13... c5 14. cxd5 Nxd5 15. Bg5 $14) (13... O-O {was the lesser
evil, allowing the weakening of the structure.} 14. cxd5 Nxd5 15. Ne5 $14) 14.
cxd5 {[%emt 0:21:36] Grischuk decides two open up the position, which makes
some sense taking into account that the Black king is still stuck in the
centre.} (14. c5 $5 {with the idea of seizing more space and squeezing Black
is pretty good, too.} O-O 15. b4 Rcd8 (15... Rfe8 16. Nb6 Rcd8 17. Ne5 $18) 16.
Nb6 Ne4 17. Nd4 $16) 14... cxd5 15. Rxc8+ Bxc8 16. Qd4 $5 {[%emt 0:00:03] An interesting decision. The
queen is the only defender of the queenside, hence it is exchanged.} Qxd4 17. exd4 {[%emt 0:00:27] The queen exchange hasn't eased
Black's problems. His lack of development will cost him and important pawn.}
Bd7 (17... O-O 18. Rc1 Bd7 19. Nb6 {changes nothing.}) 18. Nb6 Bd8 (18... O-O 19. Rc1 Bb5 20. a4 $1 Be2 (
20... Be8 21. Ne5) 21. Ne5 $16 {the white pieces are dominating.}) 19. Nxd7 Nxd7 20. Rc1 f6 {[%emt 0:00:
37] This gives the pawn at once, but anyway, it was difficult to hold onto it
in the long run.} (20... a5 21. Rc6 Nb6 22. Ne5 a4 23. Nd3 $16) 21. Rc6 Kf7 22. Rxa6 {[%emt 0:03:49] The rest is
basically a matter of technique.} Bb6 23. Bd2 (23. a4 $1 Rc8 24. a5 Bd8 25. h4 {would have been more accurate.}) 23... g5 (23... Rc8 $5 24. Bc3 e5 {could have created more problems.}
25. g3 Rb8 26. a4 (26. dxe5 Nc5 $1) 26... exd4 27. Bxd4 Bxd4 28. Nxd4 Rxb2 29.
Ra7 Ke8 30. a5 $16) 24. h3 Rb8 25. Bb4 Rb7 26. Ra8 Nb8 27. Kf1 Nc6 28. Bc3 e5 29. dxe5 d4 30. Bb4 Nxe5 31. Nxe5+ fxe5 32. Ke2 e4 33. f3 $1 d3+ (33... e3 34. Kd3 $18 {Black's pawns are safely blocked.})
34. Kd2 exf3 35. Rf8+ {[%emt 0:00:19] A
severe defeat for Anand caused by poor handling of this rare opening.} 1-0